 Dungeon Crawl Stone Soup version 0.31-a0-150-g89dc3ad700 (webtiles) character file.

Game seed: 15806858045635935373

454 qw the Shooter (level 6, -3/53 HPs)
             Began as a Minotaur Hunter on June 8, 2023.
             Slain by a gnoll bouda
             ... wielding a +0 club
              (9 damage)
             ... on level 5 of the Dungeon.
             The game lasted 00:00:48 (2352 turns).

qw the Shooter (Minotaur Hunter)                    Turns: 2352, Time: 00:00:48

Health: -3/53      AC:  4    Str: 15    XL:     6   Next: 76%
Magic:  5/5        EV: 13    Int:  6    God:
Gold:   138        SH:  0    Dex: 22    Spells: 5/5 levels left

rFire   . . .        Y - +0 shortbow
rCold   . . .        (shield currently unavailable)
rNeg    . . .        c - +0 leather armour
rPois   .            (helmet restricted)
rElec   .            (no cloak)
rCorr   .            (no gloves)
SInv    .            e - +0 pair of boots
Will    .....        (no amulet)
Stlth   ++           j - +6 ring of dexterity
HPRegen 0.28/turn    (no ring)
MPRegen 0.09/turn

%: no passive effects
@: about to teleport, weakened
A: horns 2, retaliatory headbutt
a: no special abilities


You were on level 5 of the Dungeon.
You visited 1 branch of the dungeon, and saw 5 of its levels.

You collected 159 gold pieces.
You spent 21 gold pieces at shops.


Innate Abilities, Weirdness & Mutations

You have a pair of horns on your head.
You reflexively headbutt those who attack you in melee.


   Skills:
 - Level 4.3 Fighting
 + Level 7.9 Ranged Weapons
 - Level 1.0 Armour
 - Level 3.1 Dodging
 - Level 0.7 Stealth


You had 5 spell levels left.
You didn't know any spells.
Your spell library was empty.

Inventory:

Hand Weapons
 Y - a +0 shortbow (weapon)
Armour
 c - a +0 leather armour (worn)
 e - a +0 pair of boots (worn)
Jewellery
 j - a +6 ring of dexterity (left hand)
Scrolls
 b - a scroll of identify
 g - a scroll of teleportation
Potions
 a - 3 potions of degeneration {unknown}
 d - a potion of curing
 f - a potion of attraction {unknown}
 i - a potion of haste {unknown}
 k - a potion of magic {unknown}
 l - a potion of lignification {unknown}

Dungeon Overview and Level Annotations

Branches:
Dungeon (4/15)
 Temple: D:4-7

Altars:

Shops:
D:1 *

Annotations:
D:5 3 runed translucent doors


Message History

You kill the jackal!
The gnoll bouda closely misses you. You furiously retaliate!
You headbutt the gnoll bouda! The gnoll hits you with a +0 club.
You shoot an arrow. The arrow hits the jackal!
You kill the jackal!
The gnoll misses you. x2
The gnoll bouda gazes fiercely through you!
You feel your attacks grow feeble. The gnoll bouda closely misses you.
You shoot an arrow. The arrow hits the gnoll!
You kill the gnoll!
The gnoll hits you but does no damage.
The gnoll bouda hits you with a +0 club!
You shoot an arrow.
The arrow hits the gnoll bouda but does no damage.
The gnoll bouda is heavily wounded.
The gnoll hits you with a +0 club.
The gnoll bouda hits you with a +0 club!
You shoot an arrow.
The arrow hits the gnoll bouda but does no damage.
The gnoll bouda is heavily wounded.
The gnoll closely misses you. You furiously retaliate!
You headbutt the gnoll.
The gnoll bouda hits you with a +0 club!
2350 ||| READING 2 scrolls of teleportation.
As you read the scroll of teleportation, it crumbles to dust.
You feel strangely unstable. The gnoll barely misses you.
The gnoll bouda hits you with a +0 club.
You shoot an arrow.
The arrow barely misses the gnoll bouda.
The gnoll misses you. You furiously retaliate!
You headbutt the gnoll, but do no damage.
The gnoll bouda calls upon its god to heal the gnoll.
The gnoll's wounds heal themselves!
You shoot an arrow.
The arrow hits the gnoll bouda but does no damage.
The gnoll bouda is heavily wounded.
The gnoll barely misses you.
The gnoll bouda hits you with a +0 club!
You die...

............
#..........
#.........
###........
..........
........)#
......g..#
......)@.#
......g%%#
#.....).##
#........
#........
+.........
+.........
+..........


You could see a gnoll bouda and a gnoll (swift).

Vanquished Creatures
  Sigmund (D:2)
  Blork the orc (D:5)
  2 scorpions
  2 gnolls (D:5)
  4 adders
  2 ball pythons (D:1)
  3 bats
  2 endoplasms (D:2)
  6 goblins
  5 hobgoblins
  2 jackals (D:5)
  5 quokkas
  A kobold (D:1)
  6 rats
42 creatures vanquished.

Notes
Turn   | Place    | Note
-------+----------+-------------------------------------------
     0 | D:1      | qw the Minotaur Hunter began the quest for the Orb.
     0 | D:1      | Reached XP level 1. HP: 18/18 MP: 0/0
     0 | D:1      | 0 ||| qw: Version: 0.2-a-119-g0488c42
     0 | D:1      | 0 ||| qw: Game counter: 2714
     0 | D:1      | 0 ||| qw: Always use a shield: true
     0 | D:1      | 0 ||| qw: God list: Okawaru
     0 | D:1      | 0 ||| qw: Allow faded altars: false
     0 | D:1      | 0 ||| qw: Do Orc after D:15 true
     0 | D:1      | 0 ||| qw: Do second Lair branch before Depths: true
     0 | D:1      | 0 ||| qw: Lair rune preference: random
     0 | D:1      | 0 ||| qw: Plans: Normal
     0 | D:1      | 0 ||| PLANNING D:1-11
   147 | D:1      | Reached XP level 2. HP: 25/25 MP: 1/1
   177 | D:1      | Reached skill level 5 in Ranged Weapons
   424 | D:1      | Found a faded altar of an unknown god.
   466 | D:1      | Found Wicib's Assorted Antiques.
   470 | D:1      | 470 ||| BUYING inky potion (21 gold).
   470 | D:1      | Bought an inky potion for 21 gold pieces
   470 | D:1      | 470 ||| SHOPLISTING scroll labelled RAAPUE YXTAO (24 gold,
                  | have 21).
   659 | D:1      | 659 ||| DROPPING scarf of invisibility.
   660 | D:1      | 660 ||| READING scroll labelled AXKIMO KEPRAI.
   661 | D:1      | 661 ||| READING 3 scrolls labelled CUJICI QUOGI.
   664 | D:1      | 664 ||| READING scroll labelled JIRRYO GASCHOXONKOM.
   665 | D:1      | 665 ||| READING scroll labelled OSTRUR AT OTOER.
   666 | D:1      | 666 ||| DROPPING scroll of butterflies.
   668 | D:1      | 668 ||| Stepping ~*~*~tactically~*~*~ (cloud).
   675 | D:1      | HP: 6/25 [poisoned by you (poison gas)]
   796 | D:2      | Reached skill level 3 in Fighting
  1015 | D:2      | Reached XP level 3. HP: 31/31 MP: 2/2
  1093 | D:2      | Noticed Sigmund
  1111 | D:2      | Killed Sigmund
  1112 | D:2      | Reached skill level 7 in Ranged Weapons
  1112 | D:2      | Reached XP level 4. HP: 31/38 MP: 3/3
  1112 | D:2      | Reached XP level 5. HP: 37/45 MP: 4/4
  1160 | D:2      | 1160 ||| UPGRADING to +0 pair of boots.
  1165 | D:2      | 1165 ||| DROPPING amulet of magic regeneration.
  1166 | D:2      | 1166 ||| READING 2 scrolls labelled RAAPUE YXTAO.
  1470 | D:3      | Reached skill level 1 in Armour
  1665 | D:3      | Identified the +0 whip of Gozag's Regard {freeze, Will++
                  | Int+2}
  2034 | D:3      | 2034 ||| UPGRADING to +6 ring of dexterity.
  2035 | D:3      | 2035 ||| READING scroll labelled NOAZXIFENE.
  2036 | D:3      | 2036 ||| READING scroll labelled MESAICWAMM.
  2037 | D:3      | 2037 ||| DRINKING 2 puce potions.
  2075 | D:4      | Reached skill level 3 in Dodging
  2075 | D:4      | Reached XP level 6. HP: 45/51 MP: 5/5
  2099 | D:4      | You fall into a shaft and drop 1 floor!
  2099 | D:5      | Entered Level 5 of the Dungeon
  2100 | D:5      | Noticed Blork the orc
  2114 | D:5      | Killed Blork the orc
  2338 | D:5      | Found a runed translucent gate.
  2338 | D:5      | Found a runed translucent gate.
  2338 | D:5      | Found a runed translucent gate.
  2349 | D:5      | HP: 7/53 [gnoll bouda/+0 club (10)]
  2350 | D:5      | 2350 ||| READING 2 scrolls of teleportation.
  2352 | D:5      | Slain by a gnoll bouda

Levels and vault maps discovered:
D:1:      psy_arrival_spokes, layout_loops_ring, serial_shops,
          nicolae_shop_window_shopping, hellmonk_ecumenical_altar_run_dry,
          minmay_hexomino_f4
D:2:      layout_rooms, uniq_sigmund
D:3:      layout_basic, serial_rivers, chequers_serial_rivers_micro_e,
          chequers_serial_rivers_room_a, chequers_serial_rivers_small_b,
          chequers_serial_rivers_micro_e, chequers_serial_rivers_micro_e,
          chequers_serial_rivers_micro_a, minmay_misc_feat_alley
D:4:      layout_loops_ring, mainiacjoe_overflow_swirl,
          hangedman_decor_riveting, grunt_ministairs_1,
          small_statue_intersection, nicolae_elemental_shop
D:5:      layout_cave_pools, minmay_temple_entry_nine_rooms,
          ebering_ghost_rock_garden, uniq_blork_the_orc, uniq_menkaure

Skill      XL: |  1  2  3  4  5  6 |
---------------+-------------------+-----
Ranged Weapons | 5 7 |  7.9
Fighting       | 3 4 |  4.3
Armour         | 1 |  1.0
Dodging        | 3 |  3.1
Stealth        | |  0.7

Action                     |  1- 3 |  4- 6 || total
---------------------------+-------+-------++-------
   Fire: Shortbow          |    83 |    66 ||   149
    Use: Scroll            |     4 |     4 ||     8
         Potion            |       |     1 ||     1
 Armour: Leather armour    |     7 |     3 ||    10
  Dodge: Dodged            |    12 |    31 ||    43

Table legend:
 A = Non-vault XP
 B = Vault XP
 C = Vault XP percentage of total XP
 D = Non-vault monster count
 E = Vault monster count
 F = Vault count percentage of total count
                 A         B        C        D         E       F
            +---------+---------+-------+---------+---------+-------
      Total |     301 |     348 |  53.6 |      37 |       5 |  11.9
            +---------+---------+-------+---------+---------+-------
        D:1 |      21 |       6 |  22.2 |      13 |       3 |  18.8
        D:2 |      14 |     243 |  94.6 |       8 |       1 |  11.1
        D:3 |      49 |       0 |   0.0 |       9 |       0 |   0.0
        D:4 |      83 |       0 |   0.0 |       1 |       0 |   0.0
        D:5 |     134 |      99 |  42.5 |       6 |       1 |  14.3
            +---------+---------+-------+---------+---------+-------
